Map: Ruines de Seras

Players

SnaKe - Winner!

  • Race: Protoss Protoss

Worming

  • Race: Zerg Zerg
  • League: Platinum

VOD

Have the link to the VOD?

Description

Time

  • Played on: Nov. 11, 2015, 1:19 p.m.
  • Length: 5:11
Show
View Real Time Build Order
Export as new Build Order

SnaKe Protoss - Winner!

Build Orders:  

Get SALT Encoding   

  12  0:01  Probe (Chrono Boost)  
  13  0:11  Probe (Chrono Boost)  
  14  0:22  Probe (Chrono Boost)  
  15  0:38  Pylon  
  15  0:56  Probe (Chrono Boost)  
  16  1:07  Pylon  
  16  1:12  Probe (Chrono Boost)  
  16  1:14  Pylon  
  17  1:22  Probe (Chrono Boost)  
  18  1:33  Gateway  
  18  1:34  Gateway  
  18  1:36  Gateway  
  18  1:41  Gateway  
  18  1:53  Gateway  
  18  2:18  Pylon  
  18  2:20  Zealot (Chrono Boost)  
  22  2:26  Zealot (Chrono Boost)  
  22  2:27  Zealot (Chrono Boost)  
  23  2:34  Zealot (Chrono Boost)  
  27  2:44  Zealot x2 (Chrono Boost)  
  31  2:53  Zealot (Chrono Boost)  
  33  3:02  Zealot (Chrono Boost)  
  33  3:04  Zealot (Chrono Boost)  
  35  3:11  Zealot (Chrono Boost)  
  37  3:21  Zealot (Chrono Boost)  
  37  3:24  Zealot (Chrono Boost)  
  39  3:32  Zealot (Chrono Boost)  
  37  3:38  Zealot (Chrono Boost)  
  39  3:42  Zealot (Chrono Boost)  
  41  3:54  Zealot (Chrono Boost)  
  43  3:56  Pylon  
  45  4:06  Zealot (Chrono Boost)  
  45  4:08  Zealot (Chrono Boost)  
  43  4:19  Zealot (Chrono Boost)  
  43  4:30  Zealot (Chrono Boost)  
  45  4:35  Zealot (Chrono Boost)  
  47  4:39  Zealot (Chrono Boost)  
  49  4:47  Zealot (Chrono Boost)  
Show
View Real Time Build Order
Export as new Build Order

Worming Zerg 

Build Orders: Hatch First 

Get SALT Encoding   

  12  0:01  Drone  
  13  0:13  Overlord  
  13  0:18  Drone  
  14  0:31  Drone x2  
  16  0:39  Drone  
  17  0:55  Hatchery  
  16  0:57  Drone  
  17  1:12  Spawning Pool  
  17  1:13  Drone  
  17  1:22  Drone x2  
  19  1:27  Extractor  
  18  1:36  Overlord  
  18  1:41  Drone  
  19  1:59  Queen  
  19  2:00  Zergling x2  
  22  2:07  Queen  
  24  2:10  Zergling x2  
  25  2:32  Drone x3  
  25  2:33  Drone  
  25  2:34  Metabolic Boost  
  25  2:35  Queen  
  31  2:54  Spine Crawler  
  31  2:57  Spine Crawler  
  27  2:59  Roach Warren  
  27  3:04  Zergling x4  
  26  3:28  Zergling x4  
  26  3:29  Zergling x4  
  26  3:37  Zergling x4  
  26  3:38  Zergling x2  
  26  3:43  Roach  
  26  3:44  Roach  
  27  4:16  Roach x2  
  27  4:17  Roach x3  
  29  4:30  Overlord  
  29  4:32  Zergling x2  
Tags
 
Add a new tag
Caveats
  • Supply blocks, unpowered buildings, or Contaminate may cause inaccurate times.
  • Supply counts are checked every 10 seconds.